 Dungeon Crawl Stone Soup version 0.17-a0-1197-g2d00c63 (webtiles) character file.

1794 Fluffy the Covered (level 8, -3/73 HPs)
             Began as a Minotaur Fighter on June 2, 2015.
             Was an Initiate of Okawaru.
             Killed from afar by an electric eel (14 damage)
             ... with a bolt of electricity
             ... on level 6 of the Dungeon.
             The game lasted 00:15:41 (5522 turns).

Fluffy the Covered (Minotaur Fighter)               Turns: 5522, Time: 00:15:43

Health: -3/73      AC: 13    Str: 22    XL:     8   Next: 82%
Magic:  7/7        EV:  4    Int:  5    God:    Okawaru [......]
Gold:   318        SH: 16    Dex: 11    Spells: 0 memorised, 7 levels left

rFire  + . .     SeeInvis .     a - +0 long sword
rCold  x . .     Clarity  .     x - +0 chain mail
rNeg   . . .     SustAt   .     j - +0 large shield
rPois  +         Gourm    .     (helmet restricted)
rElec  .         Spirit   .     (no cloak)
rCorr  .         Warding  .     o - +1 pair of gloves
rMut   .         Stasis   .     (no boots)
MR     .....                    (no amulet)
Stlth  ..........               b - ring of fire
                                w - ring of poison resistance

@: not resistant to hostile enchantments, extremely unstealthy
A: retaliatory headbutt, horns 2
a: Renounce Religion


You were on level 6 of the Dungeon.
You worshipped Okawaru.
Okawaru was noncommittal.
You were not hungry.

You visited 2 branches of the dungeon, and saw 7 of its levels.
You also visited: Sewer.

You collected 318 gold pieces.

Inventory:

Hand weapons
 a - a +0 long sword (weapon)
Armour
 j - a +0 large shield (worn)
 o - a +1 pair of gloves (worn)
 x - a +0 chain mail (worn)
Jewellery
 b - a ring of fire (right hand)
 v - an uncursed amulet of faith
 w - a ring of poison resistance (left hand)
Scrolls
 g - 2 scrolls of enchant armour
 h - 2 scrolls of remove curse
 r - 2 scrolls of teleportation
 s - 3 scrolls of identify
Potions
 d - a potion of might
 i - a potion of berserk rage
 k - a potion of resistance
 m - a potion of invisibility
 n - 5 potions of flight
 p - a potion of curing
 t - a potion of cancellation
 u - a potion of brilliance
Comestibles
 c - 2 beef jerkies
 e - 5 bread rations
 f - 2 meat rations
 l - 3 slices of pizza
 q - 9 fruits
 z - 2 chunks of flesh


   Skills:
 + Level 7.5 Fighting
 + Level 7.2 Long Blades
 + Level 7.9 Armour
 + Level 7.7 Shields
 + Level 0.6 Invocations


You had 7 spell levels left.
You didn't know any spells.

Dungeon Overview and Level Annotations

Branches:
Dungeon (6/15)             Temple (1/1) D:6

Altars:
Cheibriados
Dithmenos
Elyvilon
Fedhas
Gozag
Kikubaaqudgha
Makhleb
Nemelex Xobeh
Okawaru
Qazlal
Ru
Sif Muna
Trog
Vehumet
Xom
Yredelemnul
Zin
The Shining One

Shops:
D:5 [


Innate Abilities, Weirdness & Mutations

You reflexively headbutt those who attack you in melee.
You have a pair of horns on your head.


Message History

You slash the electric eel! You headbutt the electric eel.
You kill the electric eel!
Okawaru accepts your kill.
The electric eel shoots out a bolt of lightning at you!
The bolt of electricity hits the plant.
The bolt of electricity hits you! The bolt of electricity hits you!
The bolt of electricity hits the plant.
You closely miss the electric eel. You closely miss the electric eel.
Your headbutt misses the electric eel.
The electric eel shoots out a bolt of lightning at you!
The bolt of electricity hits you! x2
* * * LOW HITPOINT WARNING * * *
The bolt of electricity hits the electric eel.
The electric eel completely resists.
You hit the electric eel.
The electric eel is lightly wounded.
The electric eel shoots out a bolt of lightning at you!
The bolt of electricity hits you!
* * * LOW HITPOINT WARNING * * *
The bolt of electricity hits you!
You die...

..####......#
..#..'......#
..####.....##
[.[[....>..#
.################
..[.............##
...........####..#
...........# #P#.##
...........# ♣≈P@.#
........>..#≈P≈;≈.#
...........#P≈≈≈≈..#
..####.....♣♣≈≈P♣...#
..# #.....♣≈≈≈≈ ...#
..# #.....♣≈≈≈≈ ...♣
..# #.....≈≈≈≈≈ ...≈
..####....≈≈≈≈P≈
..≈≈≈ ....##...P≈≈;≈P


You could see an electric eel.

Vanquished Creatures
  Prince Ribbit (D:5)
  An ogre (D:6)
  An orc warrior (D:6)
  A phantom (D:5)
  A scorpion (D:4)
  A water moccasin skeleton (D:6)
  An electric eel (D:6)
  5 wights (D:6)
  3 orc priests (D:6)
  A centaur skeleton (D:4)
  4 crimson imps
  2 hounds
  3 orc wizards (D:6)
  An iguana (D:5)
  A siren (Sewer)
  7 worker ants
  A merfolk avatar (Sewer)
  A hound skeleton (D:6)
  13 adders
  6 gnolls
  4 river rats
  An ooze (D:1)
  2 worms
  3 giant geckos
  7 orcs
  10 bats
  A bat skeleton (D:4)
  A bat zombie (D:6)
  11 giant cockroaches
  10 goblins
  8 hobgoblins
  9 jackals
  11 kobolds
  3 ball pythons
  9 giant newts
  2 jackal skeletons (D:5)
  A jackal zombie (D:5)
  3 quokkas
  39 rats
190 creatures vanquished.

Vanquished Creatures (others)
  2 drowned souls (Sewer)
2 creatures vanquished.

Grand Total: 192 creatures vanquished

Notes
Turn   | Place    | Note
--------------------------------------------------------------
     0 | D:1      | Fluffy the Minotaur Fighter began the quest for the Orb.
     0 | D:1      | Reached XP level 1. HP: 19/19 MP: 0/0
   189 | D:1      | Reached skill level 4 in Shields
   189 | D:1      | Reached XP level 2. HP: 25/27 MP: 1/1
   595 | D:2      | Reached XP level 3. HP: 23/33 MP: 2/2
   840 | D:2      | Reached XP level 4. HP: 33/41 MP: 3/3
  1557 | D:3      | Reached XP level 5. HP: 44/47 MP: 4/4
  1577 | D:3      | Reached skill level 5 in Shields
  1656 | D:3      | Reached skill level 5 in Fighting
  2197 | D:4      | Reached skill level 5 in Armour
  2288 | D:4      | Reached XP level 6. HP: 50/56 MP: 5/5
  2381 | D:4      | Found a glowing drain.
  2385 | Sewer    | Entered a sewer
  2662 | Sewer    | Noticed a drowned soul
  2662 | Sewer    | Noticed a drowned soul
  2666 | Sewer    | Noticed a drowned soul
  2666 | Sewer    | Killed a drowned soul
  2667 | Sewer    | Noticed a drowned soul
  2667 | Sewer    | Noticed a drowned soul
  2668 | Sewer    | Noticed a drowned soul
  2669 | Sewer    | Killed a drowned soul
  2671 | Sewer    | Noticed a drowned soul
  2921 | D:4      | Reached skill level 5 in Long Blades
  3159 | D:4      | Reached XP level 7. HP: 61/61 MP: 6/6
  3338 | D:5      | Entered Level 5 of the Dungeon
  3338 | D:5      | Noticed Prince Ribbit
  3451 | D:5      | Killed Prince Ribbit
  3451 | D:5      | Reached skill level 6 in Fighting
  3742 | D:5      | Found Nerghuih's Armour Shoppe.
  4002 | D:6      | Reached XP level 8. HP: 71/71 MP: 7/7
  4070 | D:6      | Found a staircase to the Ecumenical Temple.
  4105 | D:6      | HP: 3/71 [wight/great sword (1)]
  4108 | D:6      | Reached skill level 7 in Armour
  4562 | D:6      | Got a jewelled leather armour
  4573 | D:6      | Identified the +2 leather armour of Grace {MP+9} (You found it on level 6 of the Dungeon)
  4876 | Temple   | Entered the Ecumenical Temple
  4966 | Temple   | Became a worshipper of Warmaster Okawaru
  5522 | D:6      | Killed from afar by an electric eel

Vault maps used:
D:1:      scummos_arrival_star
D:2:      minmay_bad_closet, kennysheep_generic_room_11
D:3:      corexii_item_surrounded_by_moat
D:4:      gup_sewer_entry_spiral, first_bread
D:5:      serial_shops, shop, kennysheep_generic_room_8, uniq_prince_ribbit1
D:6:      serial_bayou_ford_a
Temple:   kilobyte_greek_temple_18
Sewer:    sewer_sea

Action                   |  1- 3 |  4- 6 |  7- 9 || total
-------------------------+-------+-------+-------++-------
Melee: Long sword        |    86 |   322 |   274 ||   682
  Use: Scroll            |       |    10 |     7 ||    17
       Potion            |       |       |     3 ||     3
  Eat: Chunk             |       |     8 |     8 ||    16
       Fruit             |       |       |     1 ||     1
